 Dungeon Crawl Stone Soup version 0.17-a0-1368-g6ab37f2 (webtiles) character file.

964 Hanyuu the Reanimator (level 7, -5/41 HPs)
             Began as a Deep Elf Necromancer on June 12, 2015.
             Slain by Menkaure (24 damage)
             ... on level 5 of the Dungeon.
             The game lasted 00:25:05 (6211 turns).

Hanyuu the Reanimator (Deep Elf Necromancer)        Turns: 6211, Time: 00:25:05

Health: -5/41      AC:  8    Str:  6    XL:     7   Next: 93%
Magic:  19/19      EV: 14    Int: 21    God:
Gold:   348        SH:  0    Dex: 15    Spells: 4 memorised, 12 levels left

rFire  . . .     SeeInvis .     r - +4 quarterstaff (chaos)
rCold  . . .     Clarity  .     a - +0 robe
rNeg   . . .     SustAt   .     (no shield)
rPois  .         Gourm    .     n - +1 helmet
rElec  .         Spirit   .     q - +0 cloak
rCorr  +         Warding  .     (no gloves)
rMut   .         Stasis   .     (no boots)
MR     .....                    G - amulet of resist corrosion
Stlth  ++........               y - ring of flight
                                t - +3 ring of protection

@: not resistant to hostile enchantments, unstealthy
A: no striking features
a: Evoke Flight


You were on level 5 of the Dungeon.
You were not hungry.

You visited 1 branch of the dungeon, and saw 5 of its levels.

You collected 348 gold pieces.

Inventory:

Hand weapons
 f - a +0 club
 m - a +0 hammer
 r - a +4 quarterstaff of chaos (weapon)
Missiles
 w - 6 javelins (quivered)
 A - 27 poisoned needles
Armour
 a - a +0 robe (worn)
 n - a +1 helmet (worn)
 q - a +0 cloak (worn)
 u - a +0 animal skin
 x - a +0 chain mail of poison resistance
Jewellery
 t - a +3 ring of protection (left hand)
 y - a ring of flight (right hand)
 F - an uncursed amulet of rage
 G - an amulet of resist corrosion (around neck)
Magical devices
 E - a wand of hasting (2)
Scrolls
 g - a scroll of immolation {unknown}
 h - a scroll of identify
 i - 3 scrolls of remove curse
 k - 3 scrolls of noise {unknown}
 l - a scroll of amnesia {unknown}
 p - a scroll of enchant armour {unknown}
 v - a scroll of fear {unknown}
 B - a scroll of fog {unknown}
 C - a scroll of random uselessness {unknown}
 D - a scroll of teleportation
 J - a scroll of recharging {unknown}
Potions
 d - 2 potions of lignification {unknown}
 e - 2 potions of mutation {unknown}
 j - 3 potions of might {unknown}
 o - a potion of invisibility {unknown}
 s - a potion of curing {unknown}
 I - 2 potions of flight {unknown}
Books
 b - a book of Necromancy

   Spells                             Type                      Level
   a - Pain                           Necromancy                   1
   b - Animate Skeleton               Necromancy                   1
   c - Vampiric Draining              Necromancy                   3
   d - Regeneration                   Charms/Necromancy            3
   e - Animate Dead                   Necromancy                   4
   f - Control Undead                 Necromancy                   4
Comestibles
 c - 5 bread rations
 z - a chunk of flesh


   Skills:
 - Level 3.0 Fighting
 - Level 2.0 Staves
 + Level 3.8 Dodging
 - Level 2.4 Stealth
 + Level 7.2 Spellcasting
 - Level 8.1 Necromancy


You had 12 spell levels left.
You knew the following spells:

 Your Spells              Type           Power        Failure   Level  Hunger
a - Pain                  Necr           ####         1%          1    None
b - Animate Skeleton      Necr           N/A          1%          1    None
c - Vampiric Draining     Necr           #####.....   1%          3    None
d - Regeneration          Chrm/Necr      ###.......   6%          3    None


Dungeon Overview and Level Annotations

Branches:
Dungeon (5/15)
 Temple: D:4-7

Altars:

Annotations:
D:5 Menkaure


Message History

Press: ? - help, Shift-Dir - straight line, f/p - Menkaure
Aim: Menkaure (heavily damaged, fast)
You can't drain life from that!
Casting: Vampiric Draining
Confirm with . or Enter, or press ? or * to list all spells.
Aiming: Vampiric Draining
Press: ? - help, Shift-Dir - straight line, f/p - Menkaure
Aim: Menkaure (heavily damaged, fast)
You can't drain life from that!
You hit Menkaure but do no damage.
Menkaure is heavily damaged.
Menkaure barely misses you.
You barely miss Menkaure.
Menkaure is heavily damaged.
Menkaure misses you. Menkaure closely misses you.
You barely miss Menkaure.
Menkaure is heavily damaged.
Menkaure hits you!!
Ouch! That really hurt!
You die...

##.....##.#
##...(.##.#
.#.....##.#
.#.....##.#
.#........#
........#.#
#.......##########
..>..............#
.#.##'##########@#
.#.##..........M.#
.#.###############
.#.# .#.# .#.#
.#.# .# .#


You could see Menkaure.

Vanquished Creatures
  2 ogres (D:4)
  A sky beast (D:5)
  The ghost of patman2 the Cutter, an average VSBe of Trog (D:4)
  3 scorpions
  A centaur skeleton (D:4)
  Crazy Yiuf (D:2)
  2 orc priests
  4 orc wizards
  2 worker ants (D:4)
  Robin (D:2)
  7 adders
  An ooze (D:3)
  2 worms
  3 giant geckos
  16 orcs
  10 bats
  17 goblins
  16 hobgoblins
  6 jackals
  10 kobolds
  A quokka (D:4)
  3 giant cockroaches
  5 giant newts
  15 rats
  A fungus (D:2)
131 creatures vanquished.

Notes
Turn   | Place    | Note
--------------------------------------------------------------
     0 | D:1      | Hanyuu the Deep Elf Necromancer began the quest for the Orb.
     0 | D:1      | Reached XP level 1. HP: 10/10 MP: 6/6
    63 | D:1      | Reached skill level 5 in Necromancy
   298 | D:1      | Reached XP level 2. HP: 13/15 MP: 6/8
   578 | D:1      | Learned a level 1 spell: Animate Skeleton
  1028 | D:1      | Reached XP level 3. HP: 7/20 MP: 6/10
  1297 | D:2      | Found a faded altar to an unknown god.
  1321 | D:2      | Reached skill level 1 in Fighting
  1398 | D:2      | Noticed Robin
  1578 | D:2      | Killed Robin
  1868 | D:2      | Reached XP level 4. HP: 16/25 MP: 6/12
  2023 | D:2      | Learned a level 3 spell: Vampiric Draining
  2027 | D:2      | Learned a level 3 spell: Regeneration
  2046 | D:2      | Noticed Crazy Yiuf
  2054 | D:2      | Killed Crazy Yiuf
  2054 | D:2      | Reached skill level 6 in Necromancy
  2896 | D:3      | Reached XP level 5. HP: 30/30 MP: 11/13
  3380 | D:3      | Reached skill level 7 in Necromancy
  3736 | D:4      | Reached skill level 1 in Staves
  3937 | D:4      | Reached XP level 6. HP: 14/35 MP: 7/14
  4528 | D:4      | Reached skill level 8 in Necromancy
  4664 | D:4      | Reached skill level 5 in Spellcasting
  4677 | D:4      | Reached XP level 7. HP: 16/40 MP: 6/17
  4863 | D:4      | Noticed an ogre
  4885 | D:5      | Entered Level 5 of the Dungeon
  5360 | D:4      | Noticed patman2's ghost (average VSBe)
  5369 | D:4      | Killed patman2's ghost
  5657 | D:4      | Killed an ogre
  6206 | D:5      | Noticed Menkaure
  6211 | D:5      | Slain by Menkaure

Vault maps used:
D:1:      minmay_arrival_floating_metal
D:2:      ecumenical_altar_1, minmay_gold_behind_fungi, uniq_crazy_yiuf_cottage,
          uniq_robin
D:4:      first_bread
D:5:      minitemple, nicolae_elemental_shop, uniq_menkaure, uniq_duvessa

Action                   |  1- 3 |  4- 6 |  7- 9 || total
-------------------------+-------+-------+-------++-------
Melee: Club              |    16 |    19 |       ||    35
       Unarmed           |     8 |       |       ||     8
       Quarterstaff      |       |    54 |    30 ||    84
Throw: Javelin           |       |       |     2 ||     2
 Cast: Pain              |    73 |    95 |    46 ||   214
       Regeneration      |       |     7 |     1 ||     8
       Animate Skeleton  |       |    12 |     4 ||    16
       Vampiric Draining |       |     4 |     2 ||     6
  Use: Scroll            |       |     4 |       ||     4
 Stab: Sleeping          |       |     2 |       ||     2
  Eat: Chunk             |     3 |     9 |     3 ||    15
       Meat ration       |       |       |     1 ||     1
